 Dungeon Crawl Stone Soup version 0.31-a0-704-g1016066182 (webtiles) character file.

Game seed: 4754901868994811221

18035 Ordine the Grappler (level 12, -6/84 HPs)
             Began as an Octopode Shapeshifter on Sept 9, 2023.
             Was a Priest of Dithmenos.
             Killed from afar by a manticore (11 damage)
             ... with a volley of spikes
             ... on level 2 of the Lair of Beasts.
             The game lasted 00:26:43 (13751 turns).

Ordine the Grappler (Octopode Shapeshifter)        Turns: 13751, Time: 00:26:44

Health: -6/84      AC:  1    Str: 18    XL:     12   Next: 54%
Magic:  15/15      EV: 18    Int: 13    God:    Dithmenos [***...]
Gold:   713        SH:  5    Dex: 17    Spells: 11/11 levels left

rFire   . .          .
                       - Unarmed
rCold   + . .        (no shield)
rNeg    + . .        (helmet currently unavailable)
rPois   .            g - amulet of reflection
rElec   .            k - +6 ring of dexterity
rCorr   .            j - ring of protection from cold
SInv    .            u - ring of positive energy
Will    .....        (no ring)
Stlth   ++++++++     (no ring)
HPRegen 0.34/turn    (no ring)
MPRegen 0.14/turn    (no ring)
                     (no ring)

%: reflection
@: beast-form, spiked, wreathed by umbra
A: beast (slay +4), almost no armour, amphibious, 8 rings, camouflage 1,
gelatinous body 1, (nimble swimmer 1), tentacles
a: Begin Untransformation, Renounce Religion, Shadow Step


You were on level 2 of the Lair of Beasts.
You worshipped Dithmenos.
Dithmenos was most pleased with you.
You were a hulking beast.
You visited 3 branches of the dungeon, and saw 13 of its levels.
You also visited: Ossuary and Bailey.

You collected 713 gold pieces.

Inventory:

Jewellery
 g - an amulet of reflection (around mantle)
 j - a ring of protection from cold (right tentacle)
 k - a +6 ring of dexterity (left tentacle)
 u - a ring of positive energy (on tentacle)
 v - a ring of fire
Talismans
 b - a beast talisman (active)
 c - a flux talisman
 H - a maw talisman
Wands
 q - a wand of digging (6)
 A - a wand of flame (11)
 E - a wand of polymorph (9)
 F - a wand of quicksilver (3)
Scrolls
 d - 4 scrolls of enchant armour
 e - 3 scrolls of teleportation
 h - 4 scrolls of amnesia
 m - 9 scrolls of fog
 o - 3 scrolls of poison
 p - 2 scrolls of revelation
 x - 8 scrolls of blinking
 y - 2 scrolls of noise {unknown}
 z - 2 scrolls of silence {unknown}
 C - 3 scrolls of vulnerability {unknown}
 D - a scroll of enchant weapon {unknown}
 G - 2 scrolls of acquirement {unknown}
Potions
 a - a potion of haste {unknown}
 f - 3 potions of lignification
 i - 3 potions of brilliance
 l - 2 potions of curing
 n - 2 potions of heal wounds
 r - 3 potions of mutation
 s - 5 potions of attraction
 t - a potion of invisibility {unknown}
 w - 3 potions of berserk rage {unknown}
 B - 4 potions of cancellation {unknown}
 I - a potion of resistance {unknown}
 J - a potion of ambrosia {unknown}


   Skills:
 + Level 8.5 Fighting
 + Level 8.7 Dodging
 - Level 10.0 Stealth
 + Level 12.0 Unarmed Combat
 + Level 4.3 Invocations
 * Level 8.6 Shapeshifting


You had 11 spell levels left.
You didn't know any spells.
Your spell library contained the following spells:

 Spells                   Type           Power      Damage    Failure   Level
 Apportation              Tloc           0%         N/A       30%         1
 Necrotise                Necr           0%         1d4       30%         1
 Summon Small Mammal      Summ           0%         N/A       30%         1
 Volatile Blastmotes      Fire/Tloc      0%         2d10      67%         3
 Fulminant Prism          Conj/Hex       0%         3d5       97%         4
 Iskenderun's Mystic Bla  Conj/Tloc      0%         2d3       97%         4


Dungeon Overview and Level Annotations

Branches:
Dungeon (10/15)            Temple (1/1) D:5            Lair (2/5) D:8
Ossuary (visited)          Bailey (visited)
  Swamp: Lair:2-3    Shoals: Lair:2-3     Snake: Lair:2-3    Spider: Lair:2-3
    Orc: D:9-12

Altars:
Ashenzari
Cheibriados
Dithmenos
Elyvilon
Fedhas
Gozag
Hepliaklqana
Kikubaaqudgha
Makhleb
Nemelex Xobeh
Qazlal
Ru
Sif Muna
Uskayaw
Vehumet
Wu Jian
Xom
Yredelemnul
Zin
The Shining One

Shops:
D:4 (   D:5 *

Annotations:
D:10 exclusion: 3 doors
Lair:2 3 runed translucent doors


Innate Abilities, Weirdness & Mutations

You are a hulking beast.
Your limbs bulge with bestial killing power. (Slay +4)
You cannot wear most types of armour.
You are amphibious.
You can wear up to eight rings at the same time.
Your skin changes colour to match your surroundings (Stealth+).
Your rubbery body absorbs attacks. (AC +1, EV +1)
((You are camouflaged when in or above water. (Stealth+)))
You have tentacles for arms and can constrict up to eight enemies at once.


Message History

The skyshark easily resists.
Aiming: Polymorph
Press: ? - help, Shift-Dir - straight line, f/p - skyshark
Aim: a skyshark (umbra, will become a floating eye, a wind drake, or a manticore, chance to affect: 31%)
The skyshark evaporates and reforms as a manticore!
The manticore flicks its tail.
The volley of spikes hits you!
The barbed spikes become lodged in your body.
The barbed spikes dig painfully into your body as you move.
The barbed spikes dig painfully into your body as you move.
The manticore flicks its tail.
The volley of spikes hits you!
The barbed spikes become lodged in your body.
The barbed spikes dig painfully into your body as you move.
The barbed spikes dig painfully into your body as you move.
The barbed spikes dig painfully into your body as you move.
The barbed spikes dig painfully into your body as you move.
The barbed spikes dig painfully into your body as you move.
* * * LOW HITPOINT WARNING * * *
The barbed spikes dig painfully into your body as you move.
* * * LOW HITPOINT WARNING * * *
You feel much better.
The manticore flicks its tail.
The volley of spikes hits you!
The barbed spikes become lodged in your body.
The barbed spikes dig painfully into your body as you move.
The barbed spikes dig painfully into your body as you move.
The barbed spikes dig painfully into your body as you move.
* * * LOW HITPOINT WARNING * * *
The barbed spikes dig painfully into your body as you move.
* * * LOW HITPOINT WARNING * * *
The barbed spikes dig painfully into your body as you move.
* * * LOW HITPOINT WARNING * * *
The barbed spikes dig painfully into your body as you move.
* * * LOW HITPOINT WARNING * * *
There is a stone staircase leading up, spattered with blood here.
The manticore flicks its tail.
The volley of spikes hits you!
The barbed spikes become lodged in your body.
You die...

.................................
.................................
................<................
.................................
.#.........÷.....................
..P........H...##........†.......
.................................
..(..............................
................h................
.......).........................
.................................
..........##.....................
...........#.....................
#................................
#................................
.................................
.................................


You could see a manticore.

Vanquished Creatures
  2 vault guards (Bailey)
  Sonja (Lair:2)
  A manticore (D:10)
  Joseph (D:8)
  3 black mambas (Lair:1)
  A torpor snail (Lair:1)
  4 komodo dragons
  4 cane toads
  Jeremiah (D:9)
  Maggie (D:8)
  A kobold demonologist (D:10)
  Prince Ribbit (Bailey)
  6 blink frogs
  A wyvern (D:8)
  3 wraiths
  A shadow (D:9)
  5 humans (Bailey)
  30 yaks
  A vampire (D:10)
  Eustachio (D:4)
  A steam dragon (D:8)
  5 water moccasins
  An ice beast (D:6)
  An orc warrior (D:9)
  A sky beast (D:8)
  4 black bears
  The ghost of Heedrag the Insei, an amateur DsSh (D:3)
  2 centaurs (D:9)
  An ogre (D:5)
  A phantom (D:5)
  10 bullfrogs
  A gnoll sergeant (D:9)
  3 scorpions
  8 wights
  3 howler monkeys
  A bullfrog zombie (D:3)
  A centaur zombie (D:3)
  A gnoll bouda (D:6)
  2 orc priests
  A hound (D:7)
  4 jellies
  A sleepcap (D:8)
  5 orc wizards
  3 iguanas
  5 hell rats (Lair:1)
  4 mummies
  A howler monkey zombie (D:3)
  11 gnolls
  4 adders
  2 shadow imps
  2 white imps (D:7)
  A worm (D:3)
  3 dart slugs
  16 orcs
  8 ball pythons
  7 endoplasms
  6 giant cockroaches
  13 goblins
  14 hobgoblins
  5 jackals
  4 quokkas
  4 bats
  3 frilled lizards
  7 goblin zombies (Ossuary)
  4 hobgoblin zombies (Ossuary)
  4 kobolds
  A kobold zombie (Ossuary)
  An orc zombie (Ossuary)
  3 rats (D:3)
264 creatures vanquished.

Notes
Turn   | Place    | Note
-------+----------+-------------------------------------------
     0 | D:1      | Ordine the Octopode Shapeshifter began the quest for the
                  | Orb.
     0 | D:1      | Reached XP level 1. HP: 13/13 MP: 1/1
    61 | D:1      | Reached XP level 2. HP: 11/18 MP: 2/2
   214 | D:1      | Reached skill level 1 in Stealth
   310 | D:1      | Reached XP level 3. HP: 23/23 MP: 3/3
   512 | D:2      | Reached XP level 4. HP: 27/28 MP: 4/4
  1154 | D:3      | Reached skill level 4 in Unarmed Combat
  1265 | D:3      | Reached XP level 5. HP: 26/34 MP: 5/5
  1338 | D:3      | Found a runed translucent gate.
  1338 | D:3      | Found a runed translucent gate.
  1338 | D:3      | Found a runed translucent gate.
  1345 | D:3      | Noticed Heedrag's ghost (amateur DsSh)
  2022 | D:3      | Killed Heedrag's ghost
  2026 | D:3      | Reached XP level 6. HP: 40/40 MP: 6/6
  2267 | D:4      | Noticed a black bear
  2278 | D:4      | Killed a black bear
  2279 | D:4      | Reached skill level 5 in Unarmed Combat
  2279 | D:4      | Reached XP level 7. HP: 23/45 MP: 7/7
  2440 | D:4      | Found Hunud's Weapon Boutique.
  2764 | D:4      | Noticed Eustachio
  2772 | D:4      | Killed Eustachio
  3082 | D:5      | Entered Level 5 of the Dungeon
  3082 | D:5      | Found an ancient bone altar of Kikubaaqudgha.
  3361 | D:5      | Reached skill level 6 in Unarmed Combat
  3361 | D:5      | Reached XP level 8. HP: 52/52 MP: 8/8
  3477 | D:5      | Found a staircase to the Ecumenical Temple.
  3485 | Temple   | Entered the Ecumenical Temple
  3490 | Temple   | Became a worshipper of Dithmenos the Shadowed
  3762 | D:5      | Reached skill level 5 in Stealth
  4015 | D:5      | Found Xuthiako's Neck Hole.
  4084 | D:6      | Found a sacrificial altar of Ru.
  4502 | D:6      | Reached skill level 7 in Unarmed Combat
  4511 | D:6      | Reached skill level 5 in Shapeshifting
  4707 | D:6      | Reached XP level 9. HP: 59/59 MP: 9/9
  4708 | D:6      | Found a stormy altar of Qazlal.
  4802 | D:6      | Reached skill level 5 in Dodging
  4970 | D:7      | Found a snail-covered altar of Cheibriados.
  5031 | D:7      | Found a glowing golden altar of the Shining One.
  5140 | D:7      | Found a hazy altar of Hepliaklqana.
  5253 | D:7      | Found a flagged portal.
  5296 | Bailey   | Entered a bailey
  5308 | Bailey   | Reached * piety under Dithmenos
  5463 | Bailey   | Reached skill level 5 in Fighting
  5484 | Bailey   | Reached skill level 8 in Unarmed Combat
  5540 | Bailey   | HP: 3/61 [human/+0 war axe (17)]
  5859 | Bailey   | Noticed Prince Ribbit
  6050 | Bailey   | Killed Prince Ribbit
  6197 | Bailey   | Reached XP level 10. HP: 66/66 MP: 10/10
  6197 | Bailey   | Noticed a vault guard
  6217 | Bailey   | Killed a vault guard
  6218 | Bailey   | Reached skill level 9 in Unarmed Combat
  6298 | Bailey   | Noticed a vault guard
  6401 | Bailey   | Killed a vault guard
  6932 | D:8      | Noticed Joseph
  7244 | D:8      | Found a sand-covered staircase.
  7247 | D:8      | Noticed Maggie
  7253 | Ossuary  | Entered an ossuary
  7421 | Ossuary  | Reached ** piety under Dithmenos
  7649 | D:8      | Killed Maggie
  8198 | D:8      | Found a staircase to the Lair.
  8239 | D:8      | Reached skill level 10 in Unarmed Combat
  8250 | D:8      | Reached XP level 11. HP: 38/74 MP: 11/11
  8519 | D:8      | Killed Joseph
  8819 | D:9      | Found a white marble altar of Elyvilon.
  8915 | D:9      | Noticed Jeremiah
  8961 | D:9      | Killed Jeremiah
  9490 | D:9      | Found a glowing silver altar of Zin.
  9537 | D:9      | Found an opulent altar of Gozag.
  9772 | D:10     | Entered Level 10 of the Dungeon
  9974 | D:10     | Noticed a manticore
 10046 | D:10     | Killed a manticore
 10087 | D:10     | Noticed a two-headed ogre
 10110 | D:10     | Noticed a seven-headed hydra
 10237 | Lair:1   | Entered Level 1 of the Lair of Beasts
 10307 | Lair:1   | Reached skill level 10 in Stealth
 10307 | Lair:1   | Reached skill level 1 in Invocations
 10319 | Lair:1   | Reached skill level 11 in Unarmed Combat
 11073 | Lair:1   | Reached *** piety under Dithmenos
 11078 | Lair:1   | Reached XP level 12. HP: 22/82 MP: 14/14
 11884 | Lair:2   | Noticed Sonja
 13348 | Lair:2   | Found a runed translucent gate.
 13348 | Lair:2   | Found a runed translucent gate.
 13348 | Lair:2   | Found a runed translucent gate.
 13363 | Lair:2   | Killed Sonja
 13364 | Lair:2   | Reached skill level 12 in Unarmed Combat
 13730 | Lair:2   | Noticed a skyshark
 13733 | Lair:2   | a skyshark changed into a manticore
 13751 | Lair:2   | Killed from afar by a manticore

Illustrated notes

Levels and vault maps discovered:
D:1:      moated_graveyard_arrival, layout_rooms
D:2:      layout_basic, dk_noncrumbling_4,
          nicolae_concentric_dashed_squares_wild, minmay_liquid_box
D:3:      layout_basic, gammafunk_ghost_necromancy,
          chequers_serial_rivers_micro_d, ebering_dispersal_statue_hall,
          bh_walls_and_bars
D:4:      layout_basic, serial_shops, shop, uniq_eustachio
D:5:      nicolae_cairo_tiling_large_dashed, layout_basic,
          kiku_gazebo_garden_becter, hangedman_decor_peaks_small,
          nicolae_shop_sticking_my_neck_out
D:6:      layout_cave_pools, mainiacjoe_overflow_catwalk,
          mainiacjoe_overflow_alcove_2
D:7:      layout_gridville, slow_altar_1, tso_oasis_becter,
          lemuel_crystal_altar, enter_bailey_3
D:8:      layout_rooms, lair_entry_dummy, enter_ossuary_1, uniq_maggie,
          uniq_joseph
D:9:      layout_basic, pdpol_temple_overflow_zin_treasury_gozag_greed,
          nicolae_elyvilon_peaceful_grove, uniq_jeremiah
D:10:     minmay_the_grid_3x2 [minmay_the_grid_expand, minmay_the_grid_tree,
          minmay_the_grid_stretched_grid, minmay_the_grid_fan,
          minmay_the_grid_empty, minmay_the_grid_prize_trominoes], layout_basic,
          chequers_temple_overflow_statue_of_worship, ebering_ghost_xom,
          minmay_crystal_room
Temple:   hellmonk_temple_of_storms
Lair:1:   layout_roguey, lemuel_fruit_fields
Lair:2:   layout_cave_shapes, hellmonk_spider_entry_life_and_decay,
          enter_volcano_2, ebering_ghost_rock_garden, serial_bayou_shore_b,
          uniq_sonja

Skill      XL: |  1  2  3  4  5  6  7  8  9 10 11 12 |
---------------+-------------------------------------+-----
Stealth        | 1 2 3 4 6 7 9 10 | 10.0
Unarmed Combat | 4 5 6 7 8 10 11 12 | 12.0
Fighting       | 2 3 4 5 6 7 8 |  8.5
Dodging        | 3 4 5 7 8 |  8.7
Shapeshifting  | 4 5 6 7 8 |  8.6
Invocations    | 2 4 |  4.3

Action                     |  1- 3 |  4- 6 |  7- 9 | 10-12 || total
---------------------------+-------+-------+-------+-------++-------
  Melee: Unarmed           |    41 |    98 |   185 |   414 ||   738
         Tentacles         |    10 |    14 |    51 |   119 ||   194
         Constrict         |    11 |    20 |    42 |    52 ||   125
         Punch             |     1 |     5 |     8 |    36 ||    50
  Evoke: Wand              |       |       |       |     5 ||     5
    Use: Scroll            |       |     3 |     5 |     8 ||    16
         Potion            |       |     1 |       |     4 ||     5
   Stab: Sleeping          |     5 |    10 |    24 |    21 ||    60
         Distracted        |       |       |       |     3 ||     3
 Armour: Skin              |    10 |    54 |    54 |   132 ||   250
  Dodge: Dodged            |    21 |    45 |    71 |   235 ||   372
  Block: Other             |     4 |    24 |    26 |    61 ||   115
         Reflection        |       |     1 |       |     2 ||     3

Table legend: (Time is in decaauts)
 A = Elapsed time spent in this place.
 B = Non-inter-level travel time spent in this place.
 C = Inter-level travel time spent in this place.
 D = Time resting spent in this place.
 E = Time spent auto-exploring this place.
 F = Levels seen in this place.
 G = Mean time per level.
                   A        B        C        D        E       F      G
               +--------+--------+--------+--------+--------+-----+--------+
         Total |  13674 |  12903 |    771 |   3284 |   7489 |  15 |  911.6 |
       Dungeon |   8438 |   7763 |    675 |    939 |   5521 |  10 |  843.8 |
        Temple |     10 |      6 |      4 |      0 |      0 |   1 |   10.0 |
          Lair |   3484 |   3392 |     92 |   1705 |   1177 |   2 | 1742.0 |
       Ossuary |    384 |    384 |      0 |      0 |    294 |   1 |  384.0 |
        Bailey |   1356 |   1356 |      0 |    640 |    497 |   1 | 1356.0 |
               +--------+--------+--------+--------+--------+-----+--------+

Top non-repeatable levels by time:
  Lair:1: 3091 daAuts
     D:7: 1389 daAuts
  Bailey: 1356 daAuts
     D:9: 1052 daAuts
     D:3: 992 daAuts
     D:4: 972 daAuts
     D:5: 939 daAuts
     D:6: 791 daAuts
     D:2: 774 daAuts
     D:8: 750 daAuts
     D:1: 411 daAuts
  Lair:2: 393 daAuts
 Ossuary: 384 daAuts
    D:10: 365 daAuts
  Temple: 10 daAuts
